 Dungeon Crawl Stone Soup version 0.30-a0-2-gf48d83f5e2 (webtiles) character file.

Game seed: 13183474990333192133

49 frimble the Digger (level 3, -1/24 HPs)
             Began as a Demonspawn Earth Elementalist on Aug 20, 2022.
             Slain by a gnoll
             ... wielding a +0 flail
              (9 damage)
             ... on level 2 of the Dungeon.
             The game lasted 00:03:41 (1503 turns).

frimble the Digger (Demonspawn Earth Elementalist)  Turns: 1503, Time: 00:03:41

Health: -1/24      AC:  6    Str:  8    XL:     3   Next: 53%
Magic:  6/6        EV: 11    Int: 16    God:
Gold:   50         SH:  0    Dex: 15    Spells: 4/6 levels left

rFire   . . .      SeeInvis .    l - +1 dagger (distort)
rCold   . . .      Faith    .    (no shield)
rNeg    . . .      Spirit   .    e - +0 leather armour
rPois   .          Reflect  .    (no helmet)
rElec   .          Harm     .    (no cloak)
rCorr   .          Rampage  .    (no gloves)
Will    .....                    (no boots)
Stlth   ++........               k - amulet of regeneration
HPRegen 0.88/turn                (no ring)
MPRegen 0.10/turn                (no ring)

@: no status effects
A: icy blue scales 2
a: no special abilities


You were on level 2 of the Dungeon.
You visited 1 branch of the dungeon, and saw 3 of its levels.

You collected 50 gold pieces.

Inventory:

Hand Weapons
 h - a +0 dagger
 l - a +1 dagger of distortion (weapon)
Armour
 e - a +0 leather armour (worn)
Jewellery
 k - an amulet of regeneration (around neck)
Scrolls
 a - a scroll of teleportation {unknown}
 d - a scroll of fear {unknown}
 i - a scroll of enchant armour
 j - a scroll of silence {unknown}
Potions
 b - a potion of magic
 c - a potion of haste
 f - a potion of cancellation
 g - 3 potions of curing


   Skills:
 + Level 0.5 Short Blades
 - Level 1.0 Armour
 - Level 2.0 Dodging
 - Level 1.8 Stealth
 - Level 2.0 Spellcasting
 + Level 1.8 Transmutations
 + Level 3.2 Earth Magic


You had 4 spell levels left.
You knew the following spells:

 Your Spells              Type           Power      Damage    Failure   Level
a - Sandblast             Erth           24%        2d8       8%          1
b - Apportation           Tloc           2%         N/A       28%         1

Your spell library contained the following spells:

 Spells                   Type           Power      Damage    Failure   Level
 Passwall                 Tmut/Erth      7%         N/A       16%         2
 Foxfire                  Conj/Fire      4%         2x1d4     28%         1
 Necrotise                Necr           4%         1d4       28%         1
 Summon Small Mammal      Summ           4%         N/A       28%         1
 Stone Arrow              Conj/Erth      12%        3d7       41%         3
 Conjure Flame            Conj/Fire      1%         6-21      65%         3
 Dazzling Flash           Conj/Hex       2%         N/A       65%         3
 Inner Flame              Hex/Fire       1%         N/A       65%         3
 Petrify                  Tmut/Erth      9%         N/A       71%         4
 Flame Wave               Conj/Fire      1%         2d4       96%         4
 Iskenderun's Mystic Bla  Conj/Tloc      1%         2d3       96%         4
 Starburst                Conj/Fire      0%         6d3       100%        6


Dungeon Overview and Level Annotations

Branches:
Dungeon (3/15)

Altars:


Innate Abilities, Weirdness & Mutations

You are mostly covered in icy blue scales. (AC +3)


Message History

A mysterious force pulls you upwards. The hatch slams shut behind you.
You see here a +0 hand axe.
A gnoll comes into view. It is wielding a +0 spear.
There are monsters nearby!
You closely miss the gnoll.
The gnoll shouts!
You hit the gnoll.
The gnoll is moderately wounded.
The gnoll blinks!
You hit the gnoll.
The gnoll is moderately wounded.
The gnoll blinks!
The gnoll hits you from afar with a +0 spear.
You hit the gnoll.
Space warps around the gnoll.
The gnoll is moderately wounded.
The gnoll closely misses you.
The gnoll hits you from afar with a +0 spear.
You are too injured to fight recklessly!
You are too injured to fight recklessly!
You are too injured to fight recklessly!
You are too injured to fight recklessly!
You are too injured to fight recklessly!
You are too injured to fight recklessly!
The gnoll hits you with a +0 flail!
You closely miss the gnoll.
The gnoll is moderately wounded.
The gnoll barely misses you. The gnoll hits you with a +0 flail!
* * * LOW HITPOINT WARNING * * *
The gnoll barely misses you.
Okay, then.
Okay, then.
You feel better. The gnoll hits you with a +0 flail!
* * * LOW HITPOINT WARNING * * *
The gnoll closely misses you.
The gnoll hits you from afar with a +0 spear.
* * * LOW HITPOINT WARNING * * *
Unknown command.
You feel better. The gnoll barely misses you.
The gnoll hits you with a +0 flail!
You die...

##.......# #...##..#
##...##### ###....# .#
<..#### ##.#..##..# ......#
#......#.# #...#.######
##........#
...........###...#.....#
...#.#####...#..##....##
...#.#######.#..##....#
...#.....###...g@gg...#####
...#####..###..###......!.#
#.#######.#)...#
#>...###......
#..##.......##.###....#
.....
##..#...........##...##
.... .........####...######
... ........)# #...# ..
.........# #...# [
.....)...# #...#


You could see 3 gnolls.

Vanquished Creatures
  A gnoll (D:2)
  A dart slug (D:1)
  5 bats (D:1)
  5 endoplasms
  3 goblins
  2 hobgoblins (D:1)
  5 jackals (D:1)
  A quokka (D:1)
  4 ball pythons
  2 frilled lizards (D:2)
  4 kobolds
  4 rats
37 creatures vanquished.

Notes
Turn   | Place    | Note
-------+----------+-------------------------------------------
     0 | D:1      | frimble the Demonspawn Earth Elementalist began the quest
                  | for the Orb.
     0 | D:1      | Reached XP level 1. HP: 13/13 MP: 3/3
   105 | D:1      | Reached skill level 1 in Transmutations
   222 | D:1      | Gained mutation: You are partially covered in icy blue
                  | scales. (AC +2) [demonic ancestry]
   222 | D:1      | Reached XP level 2. HP: 19/19 MP: 3/5
   339 | D:1      | Reached skill level 3 in Earth Magic
   508 | D:1      | Learned a level 1 spell: Apportation
   633 | D:1      | Reached skill level 1 in Armour
   640 | D:1      | Gained mutation: You are mostly covered in icy blue scales.
                  | (AC +3) [demonic ancestry]
   640 | D:1      | Reached XP level 3. HP: 17/24 MP: 1/6
   744 | D:1      | Found a faded altar of an unknown god.
  1502 | D:2      | HP: 1/24 [gnoll/+0 spear (4)]
  1503 | D:2      | Slain by a gnoll

Illustrated notes

Levels and vault maps discovered:
D:1:      mrwooster_arrival_statue_2, layout_rooms,
          ebering_ecumenical_altar_abandoned, st_stairs_14
D:2:      layout_rooms
D:3:      layout_basic, grunt_ministairs_6, roderic_lattice_a

Skill      XL: |  1  2 |
---------------+-------+-----
Transmutations | 1 |  1.8
Dodging        | 2 |  2.0
Earth Magic    | 3 |  3.2
Armour         | 1 |  1.0
Short Blades   | |  0.5
Stealth        | |  1.8
Spellcasting   | |  2.0

Action                   || total
-------------------------++-------
Melee: Dagger            ||    66
 Cast: Sandblast         ||    37
  Use: Scroll            ||     4
       Potion            ||     2
Armor: Leather armour    ||    31
Dodge: Dodged            ||    63

Table legend: (Time is in decaauts)
 A = Elapsed time spent in this place.
 B = Non-inter-level travel time spent in this place.
 C = Inter-level travel time spent in this place.
 D = Time resting spent in this place.
 E = Time spent auto-exploring this place.
 F = Levels seen in this place.
 G = Mean time per level.
                   A        B        C        D        E       F      G
               +--------+--------+--------+--------+--------+-----+--------+
         Total |   1519 |   1508 |     11 |    203 |    968 |   3 |  506.3 |
       Dungeon |   1519 |   1508 |     11 |    203 |    968 |   3 |  506.3 |
               +--------+--------+--------+--------+--------+-----+--------+

Top non-repeatable levels by time:
     D:1: 938 daAuts
     D:3: 309 daAuts
     D:2: 272 daAuts
